 Dungeon Crawl Stone Soup version 0.18.1-48-g4cf74bf (webtiles) character file.

19 MTVSty1e the Digger (level 2, -1/23 HPs)
             Began as a Formicid Earth Elementalist on July 30, 2016.
             Slain by a hobgoblin
             ... wielding a +0 club
              (2 damage)
             ... on level 1 of the Dungeon.
             The game lasted 00:02:32 (740 turns).

MTVSty1e the Digger (Formicid Earth Elementalist)    Turns: 740, Time: 00:02:33

Health: -1/23      AC:  2    Str: 12    XL:     2   Next: 95%
Magic:  4/5        EV: 12    Int: 14    God:
Gold:   40         SH:  0    Dex: 11    Spells: 1 memorised, 4 levels left

rFire  . . .     SeeInvis +     l - +0 dagger (holy)
rCold  . . .     Gourm    .     a - +0 robe
rNeg   . . .     Faith    .     (no shield)
rPois  .         Spirit   .     (helmet unavailable)
rElec  .         Dismiss  .     (no cloak)
rCorr  .         Reflect  .     (no gloves)
SustAt .         Harm     .     (no boots)
MR     .....                    (no amulet)
Stlth  ++........               (no ring)
                                (no ring)

@: not resistant to hostile enchantments, unstealthy
A: permanent stasis, dig shafts and tunnels, four strong arms, antennae 3
a: Dig, Shaft Self


You were on level 1 of the Dungeon.
You were not hungry.

You visited 1 branch of the dungeon, and saw 1 of its levels.

You collected 40 gold pieces.

Inventory:

Hand Weapons
 f - a +0 short sword
 h - a +0 dagger
 l - a +0 dagger of holy wrath (weapon)
Missiles
 b - 37 stones (quivered)
Armour
 a - a +0 robe (worn)
Scrolls
 g - a scroll of noise {unknown}
 i - a scroll of recharging {unknown}
 j - a scroll of remove curse {unknown}
Potions
 e - a potion of berserk rage {unknown}
 k - a potion of curing {unknown}
Books
 c - a book of Geomancy

   Spells                             Type                      Level
   a - Sandblast                      Earth                        1
   b - Passwall                       Transmutation/Earth          2
   c - Stone Arrow                    Conjuration/Earth            3
   d - Petrify                        Transmutation/Earth          4
   e - Lee's Rapid Deconstruction     Earth                        5
Comestibles
 d - a bread ration


   Skills:
 * Level 2.5 Fighting
 - Level 1.7 Dodging
 - Level 2.4 Stealth
 - Level 2.1 Spellcasting
   Level 1.1 Transmutations
 - Level 3.6 Earth Magic


You had 4 spell levels left.
You knew the following spells:

 Your Spells              Type           Power        Failure   Level  Hunger
a - Sandblast             Erth           ##....       6%          1    #......


Dungeon Overview and Level Annotations

Branches:
Dungeon (1/15)

Altars:


Innate Abilities, Weirdness & Mutations

You are under a permanent stasis effect.
You can dig through walls and to a lower floor.
Your four strong arms can wield two-handed weapons with a shield.
You have a pair of large antennae on your head (SInv).


Message History

You hit the hobgoblin but do no damage. The hobgoblin completely misses you.
You barely miss the hobgoblin. You barely miss the hobgoblin.
The hobgoblin hits you but does no damage.
You hit the hobgoblin but do no damage. The hobgoblin barely misses you.
You hit the hobgoblin but do no damage. The hobgoblin closely misses you.
You barely miss the hobgoblin. The hobgoblin hits you with a club.
* * * LOW HITPOINT WARNING * * *
You closely miss the hobgoblin. The hobgoblin hits you with a club.
* * * LOW HITPOINT WARNING * * *
You hit the hobgoblin but do no damage. The hobgoblin hits you with a club.
* * * LOW HITPOINT WARNING * * *
Okay, then.
Casting: Sandblast
Confirm with . or Enter, or press ? or * to list all spells.
Aiming: Sandblast
Press: ? - help, Shift-Dir - straight line, f - hobgoblin
Aim: a hobgoblin, wielding a club and wearing a leather armour The blast of sand hits the hobgoblin.
The hobgoblin hits you with a club.
You die...

...## #≈≈≈♣ .. ...# #≈≈♣♣ ...
...# #≈♣ ♣ ...###... # ....#...##
######## ...#..... #....... ###
........# #.#####. ..#
#.......####### #.## #. #.#
###...#@g.....# #..## #. #.#
#..$#)#####.###.#.###. #.#
#...#.# ###........##. #.######
#...#.# .........#..## .......#
#...#.##.##.>.......##
...###.#####...#..#.##...#.......
.................#.......##......
................###..##..##......
.#.##†...........# ..##..........


You could see a hobgoblin.

Vanquished Creatures
  A dart slug (D:1)
  A giant gecko (D:1)
  3 giant cockroaches (D:1)
  4 goblins (D:1)
  A kobold (D:1)
  A bat (D:1)
  A giant newt (D:1)
  4 rats (D:1)
16 creatures vanquished.

Notes
Turn   | Place    | Note
--------------------------------------------------------------
     0 | D:1      | MTVSty1e the Formicid Earth Elementalist began the quest for the Orb.
     0 | D:1      | Reached XP level 1. HP: 13/13 MP: 3/3
    32 | D:1      | Reached skill level 1 in Fighting
   313 | D:1      | Reached XP level 2. HP: 19/22 MP: 5/5
   739 | D:1      | HP: 1/23 [hobgoblin/club (2)]
   740 | D:1      | Slain by a hobgoblin

Skill      XL: |  1  2 |
---------------+-------+-----
Fighting       | 1 2 |  2.5
Dodging        | |  1.7
Stealth        | |  2.4
Spellcasting   | |  2.1
Transmutations | |  1.1
Earth Magic    | |  3.6

Action                   || total
-------------------------++-------
Melee: Unarmed           ||     7
       Short sword       ||    47
       Dagger            ||    13
 Cast: Sandblast         ||     4
Armor: Robe              ||     9
Dodge: Dodged            ||    50
